 Dungeon Crawl Stone Soup version 0.20.0-15-g7f486f2 (webtiles) character file.

18 Sunburn the Firebug (level 2, 19/20 HPs)
             Began as a Demonspawn Fire Elementalist on June 25, 2017.
             Got out of the dungeon alive.
             The game lasted 00:05:43 (1800 turns).

Sunburn the Firebug (Demonspawn Fire Elementalist)  Turns: 1800, Time: 00:05:44

Health: 19/20      AC:  2    Str:  8    XL:     2   Next: 48%
Magic:  5/5        EV: 12    Int: 16    God:
Gold:   55         SH:  0    Dex: 13    Spells: 2/5 levels left

rFire    . . .     SeeInvis .   j - +0 whip
rCold    . . .     Gourm    .   (no shield)
rNeg     . . .     Faith    .   a - +0 robe
rPois    .         Spirit   .   (no helmet)
rElec    .         Reflect  .   (no cloak)
rCorr    .         Harm     .   (no gloves)
MR       .....                  (no boots)
Stlth    ++........             (no amulet)
Regen    0.1/turn               (no ring)
MPRegen  0.1/turn               (no ring)

@: no status effects
A: demonic guardian 1
a: no special abilities


You escaped.
You were not hungry.

You visited 1 branch of the dungeon, and saw 1 of its levels.

You collected 55 gold pieces.

Inventory:

Hand Weapons
 j - a +0 whip (weapon)
Armour
 a - a +0 robe (worn)
 h - a cursed +0 ring mail
 k - a +0 leather armour
Scrolls
 e - a scroll of enchant weapon {unknown}
 m - a scroll of recharging {unknown}
 n - a scroll of teleportation {unknown}
Potions
 d - a potion of heal wounds {unknown}
 f - 2 potions of curing {unknown}
 l - a potion of lignification {unknown}
Books
 b - a book of Flames

   Spells                             Type                      Level
   a - Flame Tongue                   Conjuration/Fire             1
   b - Throw Flame                    Conjuration/Fire             2
   c - Conjure Flame                  Conjuration/Fire             3
   d - Inner Flame                    Hexes/Fire                   3
   e - Sticky Flame                   Conjuration/Fire             4
   f - Fireball                       Conjuration/Fire             5
Comestibles
 g - a royal jelly
 i - a meat ration
 o - 3 fruits


   Skills:
 * Level 0.6 Fighting
 + Level 2.0 Dodging
 - Level 1.7 Stealth
 * Level 2.2 Spellcasting
 * Level 1.4 Conjurations
 + Level 2.9 Fire Magic


You had 2 spell levels left.
You knew the following spells:

 Your Spells              Type           Power        Failure   Level  Hunger
a - Flame Tongue          Conj/Fire      #....        9%          1    #......
b - Throw Flame           Conj/Fire      #.....       13%         2    ###....


Dungeon Overview and Level Annotations

Branches:
Dungeon (1/15)

Altars:


Innate Abilities, Weirdness & Mutations

A weak demonic guardian rushes to your aid.


Message History

There isn't anything here!
You close the door.
Memorise Throw Flame, consuming 2 spell levels and leaving 2?
You start memorising the spell.
You continue memorising. x2
You finish memorising.
Spell assigned to 'b'.
Okay, then.
You open the door.
There is an open door here.
There is an open door here.
There is an open door here.
There is a staircase leading out of the dungeon here.
You can't go down here!
Unknown command.
Are you sure you want to leave the Dungeon?
This will make you lose the game!
Alright, then stay!
There is a staircase leading out of the dungeon here.
Are you sure you want to leave the Dungeon?
This will make you lose the game!
Uppercase [Y]es or [N]o only, please.
Are you sure you want to leave the Dungeon?
This will make you lose the game!
You have escaped!

#. #.#..#.##..# '. ...
#####'##.....###.## #?. ....#..
..#..###....##..# .w #.#.#.#..
.'..#.#.#..#..### .###'##.#.#.#..
#...#..####.##..
........#.#.#.#####'##.####..##..
..........#.#.#...#...#.##w.###..
........#.#.#.#...#...###..## #..
.......w#.#.#.#.@.'.###...## #..
.........)....#...###...### #..
..............#####.....# ###
.......##.#..........#.## ###
#########.############.########..
#.........................
##.########.#.............
#################.#############.
#...............................


There were no monsters in sight!

Vanquished Creatures
  A leopard gecko (D:1)
  A giant cockroach (D:1)
  3 goblins (D:1)
  A hobgoblin (D:1)
  6 bats (D:1)
  A frilled lizard (D:1)
  2 kobolds (D:1)
  2 rats (D:1)
17 creatures vanquished.

Notes
Turn   | Place    | Note
-------+----------+-------------------------------------------
     0 | D:1      | Sunburn the Demonspawn Fire Elementalist began the quest for the Orb.
     0 | D:1      | Reached XP level 1. HP: 13/13 MP: 3/3
   796 | D:1      | Gained mutation: A weak demonic guardian rushes to your aid. [demonic ancestry]
   796 | D:1      | Reached XP level 2. HP: 11/19 MP: 5/5
  1746 | D:1      | Learned a level 2 spell: Throw Flame
  1800 | D:$      | Got out of the dungeon alive.

Skill      XL: |  1  2 |
---------------+-------+-----
Dodging        | 2 |  2.0
Fighting       | |  0.6
Stealth        | |  1.7
Spellcasting   | |  2.2
Conjurations   | |  1.4
Fire Magic     | |  2.9

Action                   || total
-------------------------++-------
Melee: Dagger            ||    18
       Whip              ||    48
       Unarmed           ||    11
 Cast: Flame Tongue      ||    11
 Stab: Sleeping          ||     1
  Eat: Chunk             ||     2
       Bread ration      ||     1
Armor: Robe              ||    18
Dodge: Dodged            ||    71
